 Dungeon Crawl Stone Soup version 0.31.0-12-g77e489cdc1 (webtiles) character file.

Game seed: 15505746634011031549

133 Baz the Slasher (level 4, -1/41 HPs)
             Began as a Minotaur Berserker on Feb 26, 2024.
             Was a Believer of Trog.
             Slain by a frilled lizard (3 damage)
             ... on level 3 of the Dungeon.
             The game lasted 00:01:42 (1878 turns).

Baz the Slasher (Minotaur Berserker)                Turns: 1878, Time: 00:01:42

Health: -1/41      AC:  2    Str: 23    XL:     4   Next: 93%
Magic:  3/3        EV: 12    Int:  4    God:    Trog [**....]
Gold:   91         SH:  0    Dex: 10    Spells: 3/3 levels left

rFire   . . .        a - +0 falchion
rCold   . . .        (no shield)
rNeg    . . .        b - +0 animal skin
rPois   .            (helmet restricted)
rElec   .            (no cloak)
rCorr   .            (no gloves)
SInv    .            (no boots)
Will    .....        (no amulet)
Stlth   +            (no ring)
HPRegen 0.26/turn    (no ring)
MPRegen 0.08/turn

%: no passive effects
@: on fire, glowing
A: horns 2, retaliatory headbutt
a: Renounce Religion, Berserk, Trog's Hand


You were on level 3 of the Dungeon.
You worshipped Trog.
Trog was pleased with you.
You visited 1 branch of the dungeon, and saw 3 of its levels.

You collected 91 gold pieces.

Inventory:

Hand Weapons
 a - a +0 falchion (weapon)
Missiles
 c - a throwing net (quivered)
Armour
 b - a +0 animal skin (worn)
Scrolls
 f - a scroll of teleportation {unknown}
 g - a scroll of butterflies {unknown}
 h - a scroll of revelation {unknown}
 j - a scroll of enchant weapon {unknown}
 k - a scroll of identify {unknown}
Potions
 d - a potion of berserk rage {unknown}
 e - a potion of brilliance {unknown}
 i - a potion of might {unknown}
 l - a potion of enlightenment {unknown}


   Skills:
 + Level 4.4 Fighting
 * Level 5.1 Long Blades
 + Level 3.4 Armour
 + Level 3.2 Dodging


You had 3 spell levels left.
You didn't know any spells.
Your spell library was empty.

Dungeon Overview and Level Annotations

Branches:
Dungeon (3/15)

Altars:


Innate Abilities, Weirdness & Mutations

You have a pair of horns on your head.
You reflexively headbutt those who attack you in melee.


Message History

The bombardier beetle is severely wounded.
The liquid fire burns you!
You completely miss the bombardier beetle.
The bombardier beetle is severely wounded.
The liquid fire burns you!
The bombardier beetle sprays incendiary fluid at you.
The burning spray hits you.
You are even more covered in liquid fire!
You hit the bombardier beetle.
The bombardier beetle is almost dead.
The liquid fire burns you!
You hit the bombardier beetle but do no damage.
You headbutt the bombardier beetle, but do no damage.
You punch the bombardier beetle, but do no damage.
The bombardier beetle is almost dead.
The liquid fire burns you!
The bombardier beetle closely misses you.
You furiously retaliate!
You headbutt the bombardier beetle.
You kill the bombardier beetle!
Trog accepts your kill.
Your Long Blades skill increases to level 5!
A frilled lizard comes into view.
You shake off some of the fire as you move.
The liquid fire burns you!
The frilled lizard hisses angrily.
The frilled lizard moves out of view.
Found 7 stones.
You shake off some of the fire as you move.
The liquid fire burns you!
* * * LOW HITPOINT WARNING * * *
Found a dented blue amulet.
You shake off some of the fire as you move.
The liquid fire burns you!
* * * LOW HITPOINT WARNING * * *
Found a scroll labelled YBYAGR ZIREW.
You shake off some of the fire as you move.
The liquid fire burns you!
* * * LOW HITPOINT WARNING * * *
The frilled lizard bites you.
You die...

# ### .. #..
.?. #(# ....
###.# ."...
...#
......##.###
......l@...#
......####.####
#+#..........<#
#...######....#
.. ....### ..
##...# . ....#
.#.#.. #.#####.


You could see a frilled lizard.

Vanquished Creatures
  A bombardier beetle (D:3)
  Jessica (D:2)
  2 adders
  A ribbon worm (D:2)
  2 dart slugs (D:1)
  6 ball pythons (D:1)
  2 bats (D:1)
  5 endoplasms
  2 giant cockroaches (D:1)
  8 goblins
  2 hobgoblins
  4 jackals (D:1)
  A quokka (D:2)
  2 frilled lizards (D:1)
  8 rats
47 creatures vanquished.

Notes
Turn   | Place    | Note
-------+----------+-------------------------------------------
     0 | D:1      | Baz the Minotaur Berserker began the quest for the Orb.
     0 | D:1      | Reached XP level 1. HP: 19/19 MP: 0/0
   175 | D:1      | Reached XP level 2. HP: 27/27 MP: 1/1
   198 | D:1      | Reached skill level 4 in Long Blades
   644 | D:1      | Reached ** piety under Trog
   645 | D:1      | Reached XP level 3. HP: 33/33 MP: 2/2
   805 | D:2      | Noticed Jessica
   917 | D:2      | Killed Jessica
   918 | D:2      | Reached XP level 4. HP: 37/40 MP: 3/3
  1875 | D:3      | Reached skill level 5 in Long Blades
  1878 | D:3      | HP: 2/41 [burnt (5)]
  1878 | D:3      | Slain by a frilled lizard

Illustrated notes

Levels and vault maps discovered:
D:1:      dpeg_arrival_erosion, layout_basic
D:2:      layout_basic, kennysheep_boxes, uniq_jessica
D:3:      layout_basic, ebering_ghost_sewer_f, grunt_decor_arrowhead

Skill      XL: |  1  2  3  4 |
---------------+-------------+-----
Long Blades    | 4 5 |  5.1
Fighting       | 4 |  4.4
Armour         | 3 |  3.4
Dodging        | 3 |  3.2

Action                     |  1- 3 |  4- 6 || total
---------------------------+-------+-------++-------
  Melee: Falchion          |    66 |    37 ||   103
         Headbutt          |    10 |     3 ||    13
         Punch             |       |     1 ||     1
   Stab: Sleeping          |       |     4 ||     4
 Armour: Animal skin       |    34 |    17 ||    51
  Dodge: Dodged            |    62 |    20 ||    82
